 Dungeon Crawl Stone Soup version 0.27-a0-1228-gfd60fd639a (webtiles) character file.

Game seed: 10743084032170952157

100 siradein the Grave Robber (level 4, -4/21 HPs)
             Began as a Vine Stalker Necromancer on June 7, 2021.
             Slain by a black bear (7 damage)
             ... on level 2 of the Dungeon.
             The game lasted 00:03:58 (2371 turns).

siradein the Grave Robber (VSNe)                    Turns: 2371, Time: 00:03:58

Health: -4/21      AC:  2    Str: 10    XL:     4   Next: 74%
Magic:  0/19       EV: 12    Int: 16    God:
Gold:   58         SH:  0    Dex: 15    Spells: 8/10 levels left

rFire    . . .     SeeInvis .   (no weapon)
rCold    . . .     Faith    .   (no shield)
rNeg     . . .     Spirit   +   a - +0 robe
rPois    .         Reflect  .   (no helmet)
rElec    .         Harm     .   (no cloak)
rCorr    .         Rampage  .   (no gloves)
Will     .....                  (no boots)
Stlth    ++........             (no amulet)
HPRegen  1.07/turn              c - ring of magical power
MPRegen  0.16/turn              (no ring)

@: no status effects
A: fangs 2, regeneration 1, magic shield, antimagic bite, no potion heal 2
a: no special abilities


You were on level 2 of the Dungeon.
You visited 1 branch of the dungeon, and saw 2 of its levels.

You collected 58 gold pieces.

Inventory:

Armour
 a - a +0 robe (worn)
Jewellery
 c - a ring of magical power (left hand)
Scrolls
 b - a scroll of summoning {unknown}
 d - 2 scrolls of teleportation {unknown}
 e - 2 scrolls of silence {unknown}
 g - a scroll of fear {unknown}
 h - 2 scrolls of identify {unknown}
Potions
 f - a potion of curing {unknown}


   Skills:
 - Level 1.5 Dodging
 - Level 2.4 Stealth
 + Level 3.8 Spellcasting
 + Level 5.0 Necromancy


You had 8 spell levels left.
You knew the following spells:

 Your Spells              Type           Power      Damage    Failure   Level
a - Pain                  Necr           76%        1d7       2%          1
b - Animate Skeleton      Necr           38%        N/A       2%          1

Your spell library contained the following spells:

 Spells                   Type           Power      Damage    Failure   Level
 Vampiric Draining        Necr           9%         2d7       6%          3
 Beastly Appendage        Tmut           6%         N/A       17%         1
 Animate Dead             Necr           9%         N/A       22%         4
 Wereblood                Tmut           3%         N/A       26%         2
 Spider Form              Tmut/Pois      1%         N/A       45%         3
 Agony                    Necr           19%        N/A       52%         5
 Ice Form                 Ice/Tmut       3%         N/A       86%         4
 Hydra Form               Tmut           1%         N/A       99%         5


Dungeon Overview and Level Annotations

Branches:
Dungeon (1/15)

Altars:

Shops:
D:1 (


Innate Abilities, Weirdness & Mutations

You have extremely sharp teeth.
Your natural rate of healing is unusually fast.
When hurt, damage is shared between your health and your magic reserves.
Your bite disrupts and absorbs the magic of your enemies.
Potions cannot restore your health.


Message History

Aiming: Pain (safe; 2% risk of failure)
Press: ? - help, Q - select action, (/) - cycle Shift-Dir - straight line, f/p - black bear
Aim: a black bear (moderately wounded, chance to affect: 78%)
The black bear barely resists.
Unknown command.
Aiming: Pain (safe; 2% risk of failure)
Press: ? - help, Q - select action, (/) - cycle Shift-Dir - straight line, f/p - black bear
Aim: a black bear (moderately wounded, chance to affect: 78%)
The black bear writhes in agony.
The black bear bites you. The black bear claws you.
The black bear barely misses you.
Aiming: Pain (safe; 2% risk of failure)
Press: ? - help, Q - select action, (/) - cycle Shift-Dir - straight line, f/p - black bear
Aim: a black bear (heavily wounded, chance to affect: 78%)
The black bear writhes in agony.
The black bear bites you. The black bear claws you.
The black bear closely misses you.
Aiming: Pain (safe; 2% risk of failure)
Press: ? - help, Q - select action, (/) - cycle Shift-Dir - straight line, f/p - black bear
Aim: a black bear (severely wounded, chance to affect: 78%)
The black bear writhes in agony.
The black bear goes berserk!
Unknown command.
The black bear bites you. The black bear claws you.
The black bear barely misses you.
The black bear barely misses you. x2; The black bear claws you.
The black bear rages.
The black bear bites you. The black bear claws you. The black bear misses you.
The black bear closely misses you. The black bear claws you.
The black bear misses you.
There is a stone staircase leading down here.
The black bear rages.
The black bear misses you. The black bear claws you. x2
* * * LOW HITPOINT WARNING * * *
Aiming: Pain (safe; 2% risk of failure)
Press: ? - help, Q - select action, (/) - cycle Shift-Dir - straight line, f/p - black bear
Aim: a black bear (severely wounded, berserk, chance to affect: 78%)
The black bear writhes in agony!
The black bear closely misses you. The black bear claws you!
You die...

#...# #.###.#.####.#.# #†# #...#
#............#.# #.#
#...##########...##...#.#####.#.#
#.................+...'.#.....#.#
#....##########..##...###.#####.#
#....# .........####........##.#
#....# ........># #........##.#
#....# .......gh####........##.#
###'## ........@#..'........##.#
#.# .........#.##........##.# #.#
.........#.######.......# #.#
.......).#.# #.#...... #)#
########.#.# #.#.##### #.# #.#.#
#.#.#.... #.# #.#.# #.#.#.... #(#
#.#.# #........ #.# #.#.#
###.#....


You could see a black bear (berserk) and a hobgoblin.

Vanquished Creatures
  A hound (D:2)
  2 adders (D:2)
  3 dart slugs
  A worm (D:2)
  4 bats
  An endoplasm (D:2)
  A giant cockroach (D:1)
  6 goblins
  2 hobgoblins (D:2)
  4 jackals
  2 kobolds (D:2)
  3 quokkas
  4 ball pythons
  3 frilled lizards
  8 rats
45 creatures vanquished.

Notes
Turn   | Place    | Note
-------+----------+-------------------------------------------
     0 | D:1      | siradein the Vine Stalker Necromancer began the quest for
                  | the Orb.
     0 | D:1      | Reached XP level 1. HP: 9/9 MP: 4/4
   369 | D:1      | Reached XP level 2. HP: 11/13 MP: 3/6
   892 | D:1      | Found Yrriotuh's Antique Weapon Boutique.
  1232 | D:1      | Reached XP level 3. HP: 12/16 MP: 8/8
  1234 | D:1      | Learned a level 1 spell: Animate Skeleton
  1313 | D:1      | You fall into a shaft and drop 1 floor!
  1463 | D:2      | Gained mutation: Your natural rate of healing is unusually
                  | fast. [Vine Stalker growth]
  1463 | D:2      | Reached XP level 4. HP: 14/21 MP: 10/10
  1519 | D:2      | Found a faded altar of an unknown god.
  2136 | D:2      | Reached skill level 5 in Necromancy
  2315 | D:2      | Noticed a black bear
  2371 | D:2      | Slain by a black bear

Illustrated notes

Levels and vault maps discovered:
D:1:      dpeg_arrival_erosion, layout_basic, serial_shops, nicolae_shop_trees,
          minmay_misc_feat_columns
D:2:      layout_basic, hellmonk_ecumenical_altar_heavens_door,
          grunt_decor_mini_mirrors, minmay_heptomino_w4

Skill      XL: |  1  2  3  4 |
---------------+-------------+-----
Spellcasting   | 3 |  3.8
Necromancy     | 5 |  5.0
Dodging        | |  1.5
Stealth        | |  2.4

Action                   |  1- 3 |  4- 6 || total
-------------------------+-------+-------++-------
Melee: Unarmed           |     5 |     1 ||     6
 Cast: Pain              |    45 |    59 ||   104
Armor: Robe              |     3 |     8 ||    11
Dodge: Dodged            |     4 |    31 ||    35

Table legend: (Time is in decaauts)
 A = Elapsed time spent in this place.
 B = Non-inter-level travel time spent in this place.
 C = Inter-level travel time spent in this place.
 D = Time resting spent in this place.
 E = Time spent auto-exploring this place.
 F = Levels seen in this place.
 G = Mean time per level.
                   A        B        C        D        E       F      G
               +--------+--------+--------+--------+--------+-----+--------+
         Total |   2370 |   2370 |      0 |      0 |   2135 |   2 | 1185.0 |
       Dungeon |   2370 |   2370 |      0 |      0 |   2135 |   2 | 1185.0 |
               +--------+--------+--------+--------+--------+-----+--------+

Top non-repeatable levels by time:
     D:1: 1312 daAuts
     D:2: 1057 daAuts
